 Dungeon Crawl Stone Soup version 0.22-a0-305-gd21a89c (webtiles) character file.

3013 4thArraOfDagon the Reanimator (level 9, -3/78 HPs)
             Began as a Demigod Necromancer on Mar 31, 2018.
             Slain by a two-headed ogre
             ... wielding a +0 giant club
              (16 damage)
             ... on level 12 of the Dungeon.
             The game lasted 00:17:05 (4393 turns).

4thArraOfDagon the Reanimator (Demigod Necromancer) Turns: 4393, Time: 00:17:06

Health: -3/78      AC:  4    Str: 11    XL:     9   Next: 30%
Magic:  0/16       EV: 12    Int: 25    God:
Gold:   238        SH:  0    Dex: 16    Spells: 3/14 levels left

rFire    . . .     SeeInvis .   s - +2 dagger (venom)
rCold    . . .     Gourm    .   (no shield)
rNeg     . . .     Faith    .   a - +0 robe
rPois    .         Spirit   .   l - +0 helmet
rElec    .         Reflect  .   d - +0 cloak
rCorr    .         Harm     .   (no gloves)
MR       .....                  (no boots)
Stlth    ++........             (no amulet)
HPRegen  0.23/turn              g - ring of flight
MPRegen  0.15/turn              (no ring)

@: very slightly contaminated
A: high mp 1
a: Evoke Flight


You were on level 12 of the Dungeon.
You were not hungry.

You visited 2 branches of the dungeon, and saw 13 of its levels.

You collected 308 gold pieces.
You spent 70 gold pieces at shops.

Inventory:

Hand Weapons
 b - a +0 whip
 k - a +1 long sword
 p - the cursed +0 hunting sling of Fitoloupn {freeze, Int+6}
   (You found it on level 4 of the Dungeon)

   It causes projectiles fired from it to freeze those they strike, causing
   extra injury to most foes and up to half again as much damage against
   particularly susceptible opponents.
   They can also slow down cold-blooded creatures.
   It affects your intelligence (+6).
   It has a curse placed upon it.
 r - a +3 vampiric falchion
 s - a +2 dagger of venom (weapon)
 D - a +1 great sword of draining
Armour
 a - a +0 robe (worn)
 d - a +0 cloak (worn)
 l - a +0 helmet (worn)
Jewellery
 g - a ring of flight (left hand)
Wands
 i - a wand of acid (3)
 w - a wand of digging (24)
 y - a wand of polymorph (11)
Scrolls
 f - 2 scrolls of enchant weapon
 m - a scroll of noise
 q - a scroll of random uselessness
 z - 2 scrolls of magic mapping {unknown}
 B - a scroll of remove curse
 C - a scroll of fear
Potions
 e - 2 potions of curing
 h - a potion of mutation {unknown}
 j - a potion of brilliance {unknown}
 o - 2 potions of ambrosia
 t - a potion of invisibility {unknown}
 u - a potion of might
 v - 2 potions of heal wounds
 x - a potion of berserk rage
 A - 2 potions of agility
Comestibles
 c - 10 rations
 n - a chunk of flesh


   Skills:
 + Level 6.5 Fighting
 - Level 1.7 Dodging
 - Level 1.7 Stealth
 - Level 3.0 Spellcasting
 - Level 10.0 Necromancy
 - Level 3.1 Evocations


You had 3 spell levels left.
You knew the following spells:

 Your Spells              Type           Power        Failure   Level  Hunger
a - Pain                  Necr           ####         1%          1    None
b - Vampiric Draining     Necr           ######....   1%          3    ###....
c - Regeneration          Chrm/Necr      ####......   3%          3    ###....
d - Animate Dead          Necr           N/A          1%          4    ####...


Dungeon Overview and Level Annotations

Branches:
Dungeon (12/15)            Temple (1/1) D:6            Lair (0/6) D:11
    Orc (0/2) D:9

Shops:
D:4 =*

Annotations:
D:8 exclusion: oklob plant
D:11 ReniFell's ghost, journeyman VSFi


Innate Abilities, Weirdness & Mutations

You have an increased reservoir of magic. (+10% MP)


Message History

Aiming: Vampiric Draining (safe; 1% risk of failure)
Press: ? - help, Shift-Dir - straight line, f/p - two-headed ogre
Aim: a two-headed ogre, wielding two giant clubs (severely wounded, covered in acid)
The two-headed ogre is almost dead.
You feel life coursing into your body.
The two-headed ogre hits you with a giant club!
* * * LOW HITPOINT WARNING * * *
The two-headed ogre hits you with a giant club.
* * * LOW HITPOINT WARNING * * *
Unknown command.
The two-headed ogre is no longer covered in acid.
Casting: Vampiric Draining (safe; 1% risk of failure)
Confirm with . or Enter, or press ? or * to list all spells.
Aiming: Vampiric Draining (safe; 1% risk of failure)
Press: ? - help, Shift-Dir - straight line, f/p - two-headed ogre
Aim: a two-headed ogre, wielding two giant clubs (almost dead)
The two-headed ogre is almost dead.
You feel life coursing into your body.
The two-headed ogre hits you with a giant club!
You die...

.?...................
.....................
...........(.........
.....................
.....................
#####+######.########
##.....## #.8...8.#
#....@O.###
......_.....#
..#.......#.#
####.8...8.#.########
##.....##.........
###.###....#.....
...........# ...
...........# .
....$......#


You could see a two-headed ogre.

Vanquished Creatures
  Joseph (D:10)
  A wyvern (D:9)
  A human (D:9)
  A sky beast (D:9)
  2 ice beasts
  2 orc warriors (D:9)
  4 ogres
  2 centaurs (D:8)
  A big kobold (D:9)
  6 bullfrogs
  3 scorpions
  2 howler monkeys (D:9)
  A crimson imp (D:4)
  3 hounds
  A jelly (D:10)
  3 orc priests
  A centaur skeleton (D:6)
  2 iguanas
  3 orc wizards
  8 worker ants
  2 hound skeletons
  7 adders
  A gnoll (D:6)
  A shadow imp (D:6)
  A white imp (D:9)
  An adder skeleton (D:4)
  An adder zombie (D:10)
  7 leopard geckos
  13 orcs
  A ball python (D:1)
  A giant cockroach (D:1)
  2 goblins (D:1)
  2 hobgoblins (D:1)
  12 jackals
  5 quokkas
  2 bats (D:3)
  2 frilled lizards
  2 rats
111 creatures vanquished.

Vanquished Creatures (collateral kills)
  A worm (D:4)
1 creature vanquished.

Grand Total: 112 creatures vanquished

Notes
Turn   | Place    | Note
-------+----------+-------------------------------------------
     0 | D:1      | 4thArraOfDagon the Demigod Necromancer began the quest for the Orb.
     0 | D:1      | Reached XP level 1. HP: 14/14 MP: 5/5
   141 | D:1      | Reached XP level 2. HP: 10/20 MP: 1/7
   211 | D:3      | Reached skill level 4 in Necromancy
   623 | D:3      | Noticed a bullfrog
   647 | D:3      | Reached XP level 3. HP: 17/26 MP: 5/9
   652 | D:3      | Learned a level 3 spell: Vampiric Draining
   794 | D:4      | Noticed an ogre
   803 | D:4      | Killed an ogre
   803 | D:4      | Reached skill level 5 in Necromancy
   803 | D:4      | Reached XP level 4. HP: 6/33 MP: 1/11
   808 | D:4      | Learned a level 3 spell: Regeneration
   813 | D:4      | Found a shattered altar of Ashenzari.
   897 | D:4      | Got an iridescent hunting sling
  1047 | D:4      | Found a glowing golden altar of the Shining One.
  1096 | D:4      | Found a white marble altar of Elyvilon.
  1163 | D:5      | Entered Level 5 of the Dungeon
  1251 | D:4      | Reached XP level 5. HP: 29/38 MP: 7/12
  1337 | D:4      | Noticed an ogre
  1357 | D:4      | Killed an ogre
  1357 | D:4      | Reached skill level 6 in Necromancy
  1504 | D:4      | Reached XP level 6. HP: 36/45 MP: 13/13
  1535 | D:4      | Found Ecall's General Store.
  1592 | D:4      | Learned a level 4 spell: Animate Dead
  1632 | D:4      | Bought a scroll of noise for 10 gold pieces
  1632 | D:4      | Bought a potion of lignification for 30 gold pieces
  1632 | D:4      | Bought a scroll of random uselessness for 10 gold pieces
  1632 | D:4      | Bought a scroll of identify for 20 gold pieces
  1632 | D:4      | Identified the cursed +0 hunting sling of Fitoloupn {freeze, Int+6} (You found it on level 4 of the Dungeon)
  1753 | D:4      | Reached skill level 7 in Necromancy
  1828 | D:4      | Found Jupnise's Jewellery Shop.
  2039 | D:7      | HP: 1/45 [centaur zombie (6)]
  2126 | D:6      | Found a staircase to the Ecumenical Temple.
  2135 | Temple   | Entered the Ecumenical Temple
  2364 | D:6      | Reached XP level 7. HP: 28/50 MP: 4/14
  2375 | D:6      | Reached skill level 8 in Necromancy
  2631 | D:8      | Reached skill level 9 in Necromancy
  2692 | D:8      | Found a blossoming altar of Fedhas.
  2704 | D:8      | Noticed an oklob plant
  2782 | D:9      | Noticed a yak
  2782 | D:9      | Noticed a yak
  2782 | D:9      | Noticed a yak
  2782 | D:9      | Noticed a yak
  2782 | D:9      | Noticed a yak
  2801 | D:8      | Reached XP level 8. HP: 37/57 MP: 4/15
  2954 | D:7      | Noticed a hornet
  3154 | D:9      | Reached skill level 1 in Fighting
  3154 | D:9      | Reached skill level 10 in Necromancy
  3230 | D:9      | Found a staircase to the Orcish Mines.
  3398 | D:10     | Entered Level 10 of the Dungeon
  3443 | D:9      | Reached skill level 1 in Evocations
  3746 | D:10     | Noticed a gargoyle
  3881 | D:9      | Reached XP level 9. HP: 9/72 MP: 3/16
  4120 | D:10     | Noticed Joseph
  4150 | D:11     | Found a staircase to the Lair.
  4221 | D:10     | Killed Joseph
  4221 | D:10     | Reached skill level 5 in Fighting
  4341 | D:11     | Noticed ReniFell's ghost (journeyman VSFi)
  4353 | D:12     | Found an opulent altar of Gozag.
  4375 | D:12     | Noticed a two-headed ogre
  4393 | D:12     | Slain by a two-headed ogre

Vault maps used:
D:1:      lordsloth_arrival_two_stooges
D:2:      first_ration
D:4:      elyvilon_altar_1, tso_altar, ashenzari_altar_1, serial_shops,
          nicolae_shop_stone, hangedman_decor_riveting,
          minmay_misc_feat_pillars, kennysheep_windowed_goal
D:5:      bloody_trog, serial_bayou_crossing
D:6:      lemuel_coloured_pillars_altar, minmay_temple_entry_junction_2,
          minmay_misc_feat_room, minmay_checkerbox
D:7:      old_standard_altar
D:8:      tgw_fedhas, uniq_erica
D:9:      minmay_orc_entry_temple_small, grunt_pizzeria
D:10:     uniq_joseph
D:11:     david_lair_generic, st_stairs_11, uniq_nergalle
D:12:     serial_shops, kennysheep_little_box, basic_altar, grunt_gozag_statues
Temple:   eino_wide_crystal_templ

Skill      XL: |  1  2  3  4  5  6  7  8  9 |
---------------+----------------------------+-----
Spellcasting   | 2 3 |  3.0
Necromancy     | 4 5 6 7 9 10 | 10.0
Fighting       | 4 6 |  6.5
Evocations     | 3 |  3.1
Dodging        | |  1.7
Stealth        | |  1.7

Action                   |  1- 3 |  4- 6 |  7- 9 || total
-------------------------+-------+-------+-------++-------
Melee: Whip              |     5 |       |       ||     5
       Long sword        |     3 |   101 |    40 ||   144
       Dagger            |       |       |   133 ||   133
       Great sword       |       |       |    13 ||    13
 Cast: Pain              |    40 |    21 |       ||    61
       Vampiric Draining |     1 |    15 |    54 ||    70
       Regeneration      |       |     7 |     8 ||    15
       Animate Dead      |       |     1 |       ||     1
Evoke: Wand              |       |     1 |     9 ||    10
  Use: Scroll            |       |     6 |     5 ||    11
       Potion            |       |       |     2 ||     2
 Stab: Sleeping          |     2 |     1 |     6 ||     9
  Eat: Chunk             |       |     7 |    13 ||    20
Armor: Robe              |     4 |    40 |    54 ||    98
       Skin              |       |       |    30 ||    30
Dodge: Dodged            |    17 |    98 |   150 ||   265
       Rpst.: Long sword |     3 |    36 |    13 ||    52
       Great sword       |       |       |     9 ||     9

Table legend:
 A = Spawn XP
 B = Non-spawn XP
 C = Spawn XP percentage of total XP
 D = Spawn monster count
 E = Non-spawn monster count
 F = Spawn count percentage of total count
 G = Total turns spent on level
                    A         B        C        D         E        F      G
               +---------+---------+-------+---------+---------+-------+---------
         Total |       0 |    4305 |   0.0 |       0 |     112 |   0.0 |  4393
               +---------+---------+-------+---------+---------+-------+---------
           D:1 |       0 |      15 |   0.0 |       0 |       7 |   0.0 |   183
           D:2 |       0 |       2 |   0.0 |       0 |       2 |   0.0 |    55
           D:3 |       0 |      48 |   0.0 |       0 |      14 |   0.0 |   611
           D:4 |       0 |     617 |   0.0 |       0 |      20 |   0.0 |  1123
           D:6 |       0 |     500 |   0.0 |       0 |      14 |   0.0 |   490
           D:7 |       0 |     162 |   0.0 |       0 |       4 |   0.0 |    94
           D:8 |       0 |     607 |   0.0 |       0 |       9 |   0.0 |   484
           D:9 |       0 |    1365 |   0.0 |       0 |      24 |   0.0 |   829
          D:10 |       0 |     954 |   0.0 |       0 |      17 |   0.0 |   382
          D:12 |       0 |      35 |   0.0 |       0 |       1 |   0.0 |    46
               +---------+---------+-------+---------+---------+-------+---------
